 Dungeon Crawl Stone Soup version 0.17.0-26-gececa24 (console) character file.

57708 Kloppie the Fighter (level 14, 0/135 HPs)
             Began as a Centaur Fighter on Nov 19, 2015.
             Was the Champion of Okawaru.
             Slain by a sky beast (2 damage)
             ... on level 12 of the Dungeon.
             The game lasted 00:46:42 (21344 turns).

Kloppie the Fighter (Centaur Fighter)              Turns: 21344, Time: 00:46:42

Health: 0/135      AC: 22    Str: 18    XL:     14   Next: 46%
Magic:  20/20      EV:  4    Int:  7    God:    Okawaru [******]
Gold:   1436       SH:  0    Dex: 15    Spells: 0 memorised, 13 levels left

rFire  + . .     SeeInvis .     a - +1 halberd (venom)
rCold  + + +     Clarity  .     Z - +0 chain mail "Amaquopt" {rN+ MR+ Stlth+} (curse)
rNeg   + . .     SustAt   .     (shield currently unavailable)
rPois  +         Gourm    .     Q - +1 hat {rC+}
rElec  +         Spirit   .     (no cloak)
rCorr  .         Warding  .     B - +0 pair of gloves
rMut   .         Stasis   .     f - +2 centaur barding {rC+}
MR     ++...                    i - amulet of regeneration
Stlth  ..........               C - ring of poison resistance
                                V - ring of protection from fire

@: very quick, very resistant to hostile enchantments, extremely unstealthy
A: hooves 3, rugged brown scales 1, cold resistance 1, deformed body, speed 2,
electricity resistance, tough skin 3
a: Heroism, Finesse, Renounce Religion


You were on level 12 of the Dungeon.
You worshipped Okawaru.
Okawaru was exalted by your worship.
You were not hungry.

You visited 2 branches of the dungeon, and saw 19 of its levels.
You also visited: Bailey and Ice Cave.

You collected 1436 gold pieces.

Inventory:

Hand Weapons
 a - a +1 halberd of venom (weapon)
 b - the +6 spear "Zeung" {holy, rElec rF+++ MP-9}
   (You found it on level 6 of the Dungeon)

   It has been blessed by the Shining One to cause great damage to the undead
   and demons.
   It renders you almost immune to fire.
   It insulates you from electricity.
   It affects your magic capacity (-9).
 d - a +1 halberd of venom
 v - a +4 glaive
 M - a +0 halberd of protection
 N - the +7 longbow "Piercer" {penet, EV-2}
   (You found it on level 2 of the Lair of Beasts)

   Ammo fired by it will pass through the targets it hits, potentially hitting
   all targets in its path until it reaches maximum range.
   It affects your evasion (-2).
 R - a +2 glaive of freezing
Armour
 f - a +2 centaur barding of cold resistance (worn)
 w - a +2 large shield of protection
 y - the +1 chain mail of Biocicih {rElec Str-3 Int+2 Slay+2}
   (You found it on level 4 of the Dungeon)

   It affects your strength (-3).
   It affects your intelligence (+2).
   It affects your accuracy and damage with ranged weapons and melee attacks
   (+2).
   It insulates you from electricity.
 B - a +0 pair of gloves (worn)
 Q - a +1 hat of cold resistance (worn)
 Z - the cursed +0 chain mail "Amaquopt" (worn) {rN+ MR+ Stlth+}
   (You found it on level 5 of the Lair of Beasts)

   It protects you from negative energy.
   It affects your resistance to hostile enchantments.
   It makes you more stealthy.
   It has a curse placed upon it.
Jewellery
 i - an amulet of regeneration (around neck)
 k - an uncursed amulet of the gourmand
 q - a +2 ring of evasion
 z - an uncursed ring of protection from cold
 C - a ring of poison resistance (right hand)
 V - a ring of protection from fire (left hand)
Wands
 l - a wand of paralysis (14)
 m - a wand of draining (7)
Scrolls
 c - a scroll of magic mapping
 g - 5 scrolls of remove curse
 h - 2 scrolls of noise
 r - 6 scrolls of teleportation
 t - 3 scrolls of fear
 E - 2 scrolls of fog
 H - a scroll of enchant weapon
 L - a scroll of blinking
 O - 2 scrolls of recharging
Potions
 j - 6 potions of curing
 n - a potion of haste
 o - a potion of lignification
 p - 7 potions of flight
 A - 2 potions of cure mutation
 F - 4 potions of resistance
 G - 2 potions of agility
 I - a potion of mutation
 K - 2 potions of berserk rage
 P - a potion of heal wounds
 S - 2 potions of might
 U - a potion of ambrosia {unknown}
 W - a potion of brilliance
 X - 2 potions of cancellation
Books
 D - a book of Alchemy

   Spells                             Type                      Level
   a - Sublimation of Blood           Necromancy                   2
   b - Ignite Poison                  Fire/Transmutation/Poison    3
   c - Alistair's Intoxication        Transmutation/Poison         4
   d - Condensation Shield            Ice                          4
   e - Petrify                        Transmutation/Earth          4
   f - Irradiate                      Conjuration/Transmutation    5
 Y - a book of Party Tricks

   Spells                             Type                      Level
   a - Summon Butterflies             Summoning                    1
   b - Apportation                    Translocation                1
   c - Tukima's Dance                 Hexes                        3
   d - Alistair's Intoxication        Transmutation/Poison         4
   e - Invisibility                   Hexes                        6
Miscellaneous
 T - a phantom mirror
Comestibles
 e - 13 bread rations
 s - 12 royal jellies
 u - 11 meat rations
 x - 6 fruits
 J - 4 chunks of flesh


   Skills:
 - Level 14.0 Fighting
 + Level 12.7 Polearms
 - Level 11.6 Armour
 - Level 2.1 Shields
 + Level 8.4 Invocations


You had 13 spell levels left.
You didn't know any spells.

Dungeon Overview and Level Annotations

Branches:
Dungeon (12/15)            Temple (0/1) D:6            Lair (7/8) D:8
  Swamp (0/4) Lair:5        Snake (0/4) Lair:3        Slime (0/6) Lair:7
    Orc (0/4) D:12

Altars:
Ashenzari
Cheibriados
Dithmenos
Elyvilon
Fedhas
Kikubaaqudgha
Nemelex Xobeh
Okawaru
Qazlal
Sif Muna
Trog
Xom
Yredelemnul
Jiyva

Shops:
D:6 (   D:9 %   D:10 (

Portals:
Trove: D:12 (give 7 potions of haste)

Annotations:
D:7 exclusion: oklob plant


Innate Abilities, Weirdness & Mutations

You have hooves in place of feet.
Armour fits poorly on your strangely shaped body.
You cover ground very quickly.
You have extremely tough skin (AC +3).
You are partially covered in rugged brown scales (AC +1, +3% HP).
Your flesh is cold resistant.
You are resistant to electric shocks.


Message History

You barely miss the vampire mosquito. The vampire mosquito bites you!
* * * LOW HITPOINT WARNING * * *
The sky beast barely misses you. The vampire mosquito barely misses you.
The hill giant hits you with a giant club.
* * * LOW HITPOINT WARNING * * *
You miss the vampire mosquito.
The vampire mosquito bites you but does no damage.
The cyclops barely misses you.
The sky beast hits you but does no damage.
Your chain mail "Amaquopt" prevents you from hitting the vampire mosquito.
Your kick misses the vampire mosquito.
You kill the cyclops!
Okawaru accepts your kill.
The vampire mosquito bites you but does no damage.
The hill giant hits you with a giant club!!
* * * LOW HITPOINT WARNING * * *
The vampire mosquito bites you.
* * * LOW HITPOINT WARNING * * *
The sky beast hits you.
You die...

#.#..#.###....#
.. #.#..#.#....#
.. #.#.......# #
#.#.....###.
#.#.#.###...
#.#.#(#....#
#.#..........
#####C#y#########
#....Y@.....#
#....†.)..>...>
#..........####
#..........#
#[.........#
#####..##### ####


You could see a hill giant, a vampire mosquito and a sky beast.

Vanquished Creatures
  Kirke (Lair:6)
  A frost giant (IceCv)
  The ghost of vible the Fighter, a journeyman FoAE of Ashenzari (IceCv)
  The ghost of blider the Eclecticist, a journeyman DEWz of Sif Muna (IceCv)
  4 hydras
  2 death yaks (Lair:5)
  2 orc knights (Bailey)
  4 hill giants
  A griffon (Lair:7)
  12 elephants
  A faun (Lair:6)
  2 cyclopes
  3 black mambas
  Joseph (Lair:1)
  An ice statue (IceCv)
  10 spiny frogs
  3 komodo dragons
  3 fire drakes
  5 trolls
  14 polar bears
  A two-headed ogre (D:9)
  A trapdoor spider zombie (D:8)
  7 blink frogs
  A boulder beetle (Lair:7)
  3 slime creatures (D:9)
  2 wraiths
  85 yaks
  6 hogs
  3 wyverns
  A shadow (D:11)
  5 hippogriffs
  A hungry ghost (D:8)
  18 wolves
  A deep elf fighter (D:8)
  2 basilisks
  2 soldier ants (D:9)
  5 orc warriors
  14 water moccasins
  14 porcupines
  8 ice beasts (D:11)
  A spider (D:9)
  A black bear (D:9)
  A phantom (D:9)
  3 ogres
  9 centaurs
  18 giant frogs
  2 big kobolds
  A wyvern zombie (D:11)
  12 crocodiles
  2 scorpions
  2 jellies
  2 quasits
  4 wights (D:7)
  2 electric eels (Lair:7)
  3 giant frog skeletons
  2 giant frog zombies
  3 centaur zombies
  4 hounds
  7 orc priests
  7 crimson imps
  5 centaur skeletons
  12 hell rats (Lair:7)
  6 orc wizards
  A gnoll shaman (D:6)
  5 iguanas
  8 worker ants
  12 sheep
  A killer bee zombie (D:7)
  2 hound skeletons (D:6)
  A worker ant zombie (D:10)
  11 gnolls
  45 river rats
  5 shadow imps
  17 adders
  An adder zombie (D:6)
  A worm (D:2)
  3 adder skeletons
  4 giant geckos
  32 orcs
  9 bats
  6 giant cockroaches
  19 goblins
  9 hobgoblins
  6 jackals (D:3)
  A ball python (D:2)
  A giant gecko skeleton (D:5)
  A giant gecko zombie (D:5)
  5 giant newts
  39 kobolds
  4 quokkas
  2 quokka skeletons (D:5)
  23 rats
635 creatures vanquished.

Vanquished Creatures (others)
  4 fungi
  3 plants (Lair:6)
7 creatures vanquished.

Grand Total: 642 creatures vanquished

Notes
Turn   | Place    | Note
--------------------------------------------------------------
     0 | D:1      | Kloppie the Centaur Fighter began the quest for the Orb.
     0 | D:1      | Reached XP level 1. HP: 19/19 MP: 1/1
   534 | D:1      | Reached XP level 2. HP: 26/26 MP: 2/2
   795 | D:2      | Reached XP level 3. HP: 27/31 MP: 3/3
  1119 | D:2      | Reached skill level 4 in Fighting
  1184 | D:2      | Reached XP level 4. HP: 30/40 MP: 4/4
  1961 | D:3      | Reached XP level 5. HP: 25/47 MP: 5/5
  2368 | D:3      | Found an iron altar of Okawaru.
  2734 | D:3      | Became a worshipper of Warmaster Okawaru
  2846 | D:4      | Got a pitted chain mail
  2847 | D:4      | Identified the +1 chain mail of Biocicih {rElec Str-3 Int+2 Slay+2} (You found it on level 4 of the Dungeon)
  3053 | D:4      | Found a stormy altar of Qazlal.
  3054 | D:4      | Reached skill level 5 in Fighting
  3309 | D:5      | Entered Level 5 of the Dungeon
  3367 | D:4      | Reached XP level 6. HP: 47/56 MP: 6/6
  3928 | D:5      | Noticed a centaur
  3936 | D:5      | Killed a centaur
  3936 | D:5      | Reached * piety under Okawaru
  3936 | D:5      | Reached skill level 6 in Fighting
  3981 | D:5      | Found a glowing drain.
  3989 | D:5      | Reached skill level 5 in Polearms
  3992 | D:5      | Reached XP level 7. HP: 63/63 MP: 7/7
  4417 | D:5      | Found a sparkling altar of Nemelex Xobeh.
  4676 | D:5      | Found a shattered altar of Ashenzari.
  4677 | D:5      | Found a white marble altar of Elyvilon.
  4679 | D:5      | Found a shadowy altar of Dithmenos.
  4850 | D:6      | Found Ucvi's Antique Weapon Boutique.
  4865 | D:6      | Got a shimmering spear
  4866 | D:6      | Identified the +6 spear "Zeung" {holy, rElec rF+++ MP-9} (You found it on level 6 of the Dungeon)
  4961 | D:6      | Found a shimmering altar of Xom.
  4966 | D:6      | Found a shimmering altar of Xom.
  4966 | D:6      | Found a shimmering altar of Xom.
  4966 | D:6      | Found a shimmering altar of Xom.
  4972 | D:6      | Found a shimmering altar of Xom.
  5044 | D:6      | Found a shimmering altar of Xom.
  5251 | D:6      | Reached ** piety under Okawaru
  5444 | D:6      | Found a staircase to the Ecumenical Temple.
  5624 | D:7      | Noticed an oklob plant
  5625 | D:7      | Found a basalt altar of Yredelemnul.
  5723 | D:7      | Reached skill level 7 in Fighting
  5767 | D:7      | Reached XP level 8. HP: 56/73 MP: 0/8
  6179 | D:7      | Reached skill level 8 in Fighting
  6373 | D:7      | Reached *** piety under Okawaru
  6742 | D:8      | Found a snail-covered altar of Cheibriados.
  6919 | D:8      | Reached XP level 9. HP: 79/82 MP: 0/9
  7002 | D:8      | Reached skill level 9 in Fighting
  7140 | D:8      | Found a deep blue altar of Sif Muna.
  7146 | D:8      | Found a blossoming altar of Fedhas.
  7149 | D:8      | Found an ancient bone altar of Kikubaaqudgha.
  7297 | D:8      | Reached **** piety under Okawaru
  7332 | D:8      | Found a staircase to the Lair.
  7435 | Lair:1   | Entered Level 1 of the Lair of Beasts
  7435 | Lair:1   | Noticed a spiny frog
  7442 | Lair:1   | Killed a spiny frog
  7442 | Lair:1   | Reached skill level 10 in Fighting
  7564 | Lair:1   | Noticed a spiny frog
  7574 | Lair:1   | Killed a spiny frog
  7574 | Lair:1   | Reached ***** piety under Okawaru
  7722 | Lair:1   | Noticed Joseph
  7743 | Lair:1   | Killed Joseph
  7743 | Lair:1   | Received a gift from Okawaru
  7743 | Lair:1   | Reached XP level 10. HP: 41/94 MP: 1/10
  8229 | Lair:1   | Reached skill level 10 in Polearms
  8514 | Lair:2   | Noticed a five-headed hydra
  8541 | Lair:2   | Noticed a black mamba
  8575 | Lair:1   | Killed a black mamba
  8918 | Lair:2   | Reached skill level 5 in Armour
  8986 | Lair:2   | Killed a five-headed hydra
  8986 | Lair:2   | Reached skill level 11 in Polearms
  9142 | Lair:2   | Noticed a seven-headed hydra
  9203 | Lair:2   | Killed a seven-headed hydra
  9203 | Lair:2   | Reached XP level 11. HP: 101/101 MP: 2/11
  9605 | Lair:3   | Found a staircase to the Snake Pit.
 10347 | Lair:3   | Received a gift from Okawaru
 10572 | Lair:4   | Reached skill level 12 in Polearms
 10798 | Lair:4   | Noticed a four-headed hydra
 10838 | Lair:4   | Killed a four-headed hydra
 10915 | Lair:4   | Noticed a five-headed hydra
 10940 | Lair:4   | Killed a five-headed hydra
 11085 | Lair:3   | HP: 2/101 [porcupine's spines (8)]
 11090 | Lair:3   | HP: 4/101 [spiny frog (12)]
 11371 | Lair:3   | Reached ****** piety under Okawaru
 11462 | Lair:4   | Received a gift from Okawaru
 11462 | Lair:4   | Reached XP level 12. HP: 67/110 MP: 3/12
 12181 | Lair:5   | Received a gift from Okawaru
 12419 | Lair:5   | Found a staircase to the Swamp.
 12456 | Lair:5   | Got a dazzling chain mail
 12486 | Lair:5   | Identified the cursed +0 chain mail "Amaquopt" {rN+ MR+ Stlth+} (You found it on level 5 of the Lair of Beasts)
 13770 | Lair:6   | Received a gift from Okawaru
 13785 | Lair:6   | Reached skill level 13 in Fighting
 13983 | Lair:6   | Reached XP level 13. HP: 114/122 MP: 4/13
 14759 | Lair:7   | Found a staircase to the Slime Pits.
 14759 | Lair:7   | Found a viscous altar of Jiyva.
 15117 | Lair:7   | Reached skill level 10 in Armour
 15402 | Lair:7   | Noticed Kirke
 15425 | Lair:6   | HP: 1/122 [hog[Kirke] (10)]
 15637 | Lair:6   | Killed Kirke
 16930 | D:9      | Reached skill level 14 in Fighting
 17058 | D:9      | Found Lutit's Food Shop.
 17094 | D:9      | Received a gift from Okawaru
 17320 | D:9      | Reached skill level 1 in Invocations
 17508 | D:10     | Entered Level 10 of the Dungeon
 17508 | D:10     | Found a bloodstained altar of Trog.
 17770 | D:10     | Found Ynishy's Weapon Boutique.
 18353 | D:11     | Found a frozen archway.
 18437 | IceCv    | Entered an ice cave
 18462 | IceCv    | Noticed blider's ghost (journeyman DEWz)
 18516 | IceCv    | Killed blider's ghost
 18516 | IceCv    | Reached skill level 5 in Invocations
 18686 | IceCv    | Received a gift from Okawaru
 19026 | IceCv    | Reached XP level 14. HP: 77/132 MP: 9/18
 19294 | IceCv    | Noticed a frost giant
 19295 | IceCv    | Noticed vible's ghost (journeyman FoAE)
 19359 | IceCv    | Killed a frost giant
 19532 | IceCv    | Killed vible's ghost
 20083 | D:11     | Gained mutation: You are partially covered in rugged brown scales (AC +1, +3% HP). [potion of beneficial mutation]
 20084 | D:11     | Gained mutation: Your flesh is cold resistant. [potion of beneficial mutation]
 20085 | D:11     | Gained mutation: You are resistant to electric shocks. [potion of beneficial mutation]
 20686 | D:12     | Found a portal to a secret trove of treasure.
 20753 | D:12     | Received a gift from Okawaru
 20906 | D:12     | Found a flagged portal.
 20911 | Bailey   | Entered a bailey
 21053 | Bailey   | Received a gift from Okawaru
 21331 | D:12     | Found a staircase to the Orcish Mines.
 21344 | D:12     | HP: 3/135 [hill giant/giant club (30)]
 21344 | D:12     | Slain by a sky beast

Action                   |  1- 3 |  4- 6 |  7- 9 | 10-12 | 13-15 || total
-------------------------+-------+-------+-------+-------+-------++-------
Melee: Trident           |   111 |   213 |    82 |       |       ||   406
       Spear             |       |       |   325 |  1202 |  1445 ||  2972
       Unarmed           |       |       |       |       |     5 ||     5
       Halberd           |       |       |       |       |   382 ||   382
       Glaive            |       |       |       |       |     9 ||     9
Invok: Heroism           |       |       |       |       |     1 ||     1
Evoke: Wand              |       |       |     6 |       |       ||     6
  Use: Scroll            |       |     2 |    14 |     9 |     9 ||    34
       Potion            |       |     2 |       |     3 |     9 ||    14
 Stab: Confused          |       |       |       |       |     2 ||     2
  Eat: Chunk             |     1 |     7 |    12 |    25 |    27 ||    72
       Beef jerky        |       |       |       |     1 |       ||     1
       Fruit             |       |       |       |       |     2 ||     2
       Pizza             |       |       |       |       |     1 ||     1
